 Dungeon Crawl Stone Soup version 0.28-a0-851-g8b9cc49659 (webtiles) character file.

Game seed: 15759875415446298316

151 Twinkles the Caller (level 5, -1/30 HPs)
             Began as a Kobold Summoner on Nov 15, 2021.
             Slain by Duvessa (8 damage)
             ... on level 3 of the Dungeon.
             The game lasted 00:16:26 (4633 turns).

Twinkles the Caller (Kobold Summoner)               Turns: 4633, Time: 00:16:26

Health: -1/30      AC:  2    Str:  6    XL:     5   Next: 60%
Magic:  7/9        EV: 15    Int: 16    God:
Gold:   120        SH:  0    Dex: 16    Spells: 4/10 levels left

rFire   + . .      SeeInvis .   r - +0 hand axe (elec)
rCold   + . .      Faith    .   (shield restricted)
rNeg    . . .      Spirit   .   a - +0 robe
rPois   .          Reflect  .   (no helmet)
rElec   .          Harm     .   p - scarf {rC+ rF+}
rCorr   .          Rampage  .   (no gloves)
Will    .....                   (no boots)
Stlth   ++........              (no amulet)
HPRegen 0.10/turn               (no ring)
MPRegen 0.11/turn               (no ring)

@: brilliant, lit by a corona, glowing
A: small, no large weapons, nightstalker 3
a: no special abilities


You were on level 3 of the Dungeon.
You visited 1 branch of the dungeon, and saw 4 of its levels.

You collected 120 gold pieces.

Inventory:

Hand Weapons
 e - a +0 mace
 j - a +0 rapier
 q - a +0 dagger
 r - a +0 hand axe of electrocution (weapon)
 u - a +0 hunting sling
Missiles
 c - 31 sling bullets
 i - 11 poisoned darts
 m - 2 throwing nets
 s - 65 stones
Armour
 a - a +0 robe (worn)
 p - a scarf of resistance (worn)
Scrolls
 d - a scroll of immolation {unknown}
 f - a scroll of noise
 h - a scroll of fear {unknown}
 k - a scroll of enchant weapon {unknown}
 l - a scroll of teleportation {unknown}
 n - a scroll of vulnerability {unknown}
 o - a scroll of blinking {unknown}
 Z - 3 scrolls of identify
Potions
 t - a potion of resistance {unknown}
 v - a potion of cancellation {unknown}
 B - 3 potions of brilliance


   Skills:
 + Level 2.1 Fighting
 + Level 3.6 Dodging
 + Level 4.2 Stealth
 + Level 3.1 Spellcasting
 - Level 4.4 Summonings


You had 4 spell levels left.
You knew the following spells:

 Your Spells              Type           Power      Damage    Failure   Level
a - Summon Small Mammal   Summ           100%       N/A       3%          1
b - Call Imp              Summ           25%        N/A       4%          2
c - Call Canine Familiar  Summ           25%        N/A       9%          3

Your spell library contained the following spells:

 Spells                   Type           Power      Damage    Failure   Level
 Apportation              Tloc           6%         N/A       19%         1
 Summon Guardian Golem    Hex/Summ       14%        N/A       22%         3
 Summon Lightning Spire   Summ/Air       14%        N/A       58%         4
 Alistair's Intoxication  Tmut/Pois      2%         N/A       99%         5


Dungeon Overview and Level Annotations

Branches:
Dungeon (4/15)
 Temple: D:4-7

Altars:
Sif Muna
Wu Jian

Annotations:
D:2 exclusion: downstairs
D:3 exclusions: 7 goblins and 3 hobgoblins, Dowan, Duvessa, Robin


Innate Abilities, Weirdness & Mutations

You are small and have problems with some larger weapons.
You are completely attuned to the shadows.


Message History

Dowan misses you. Duvessa barely misses you.
You climb upwards.
Level annotation: exclusions: 7 goblins and 3 hobgoblins, Robin
There is a stone staircase leading down here.
Dowan points at you and mumbles some strange words.
You are outlined in light.
Dowan casts a spell at you. The puff of flame hits you. You resist.
As you read the scroll labelled FAMAACL GOTIMN, it crumbles to dust.
You hear a loud clanging noise!
It was a scroll of noise.
f - a scroll of noise;
q - a +0 dagger Duvessa misses you.
As you read the scroll labelled GESEAR ETWUH, it crumbles to dust.
It is a scroll of identify.
b - 4 potions of brilliance;
B - 4 potions of brilliance
Z - 3 scrolls of identify Dowan gestures wildly while chanting.
Dowan blinks!
Duvessa hits you with a +0 short sword!
Casting: Call Imp (safe; 4% risk of failure)
Confirm with . or Enter, or press ? or * to list all spells.
Okay, then.
Unknown command.
Casting: Call Imp (safe; 4% risk of failure)
Confirm with . or Enter, or press ? or * to list all spells.
Okay, then.
Unknown command.
You feel clever all of a sudden. Duvessa barely misses you.
Casting: Call Imp (safe; 4% risk of failure)
Confirm with . or Enter, or press ? or * to list all spells.
Okay, then.
Unknown command.
Casting: Call Imp (safe; 4% risk of failure)
Confirm with . or Enter, or press ? or * to list all spells.
The spell is quite dangerous to cast (9% risk of failure)!
Continue anyway?
You feel a surge of power! Dowan hits you with a +0 dagger.
* * * LOW HITPOINT WARNING * * *
Duvessa hits you with a +0 short sword!
You die...

#..##########.....#
#.................#######
#.#########.........†...#
#.# #.............#
#.##########............#
#.....).................####
#####...................##..
###......eh....##.######.#
#........@e....##.######.#
#.#########§..............
#.# #....>............. #.#
#.......########### #.#
#.......####### #.#
##.............#
#.#####..............#
#....................#
#..#############.....#


You could see Duvessa, Dowan (ally target) and a friendly hound (summoned).

Vanquished Creatures
  A gnoll (D:2)
  3 adders
  An orc (D:3)
  2 endoplasms
  3 giant cockroaches
  6 goblins
  A hobgoblin (D:1)
  3 quokkas
  3 ball pythons
  2 bats
  2 kobolds
27 creatures vanquished.

Vanquished Creatures (collateral kills)
  An iguana (D:2)
  2 gnolls (D:2)
  A white imp (D:3)
  2 worms (D:2)
  2 dart slugs
  2 orcs (D:3)
  2 bats
  An endoplasm (D:3)
  2 goblins (D:1)
  4 hobgoblins
  A quokka (D:2)
  2 ball pythons
  A kobold (D:3)
23 creatures vanquished.

Vanquished Creatures (others)
  A fungus (D:3)
1 creature vanquished.

Grand Total: 51 creatures vanquished

Notes
Turn   | Place    | Note
-------+----------+-------------------------------------------
     0 | D:1      | Twinkles the Kobold Summoner began the quest for the Orb.
     0 | D:1      | Reached XP level 1. HP: 10/10 MP: 3/3
   179 | D:1      | Reached XP level 2. HP: 16/16 MP: 5/5
   496 | D:1      | Learned a level 2 spell: Call Imp
   801 | D:1      | HP: 4/16 [quokka (3)]
  1129 | D:1      | Reached XP level 3. HP: 19/20 MP: 6/6
  1150 | D:1      | Reached skill level 1 in Fighting
  1618 | D:2      | Reached XP level 4. HP: 14/25 MP: 4/8
  2228 | D:2      | HP: 5/25 [iguana (11)]
  2555 | D:2      | Reached XP level 5. HP: 26/30 MP: 6/9
  2760 | D:2      | Found a shimmering blue altar of Sif Muna.
  3232 | D:3      | Noticed Robin
  3239 | D:2      | Learned a level 3 spell: Call Canine Familiar
  3536 | D:3      | Found an ornate altar of the Wu Jian Council.
  4155 | D:3      | Found a faded altar of an unknown god.
  4608 | D:4      | Noticed Duvessa
  4608 | D:4      | Noticed Dowan
  4633 | D:3      | HP: 7/30 [Dowan (5)]
  4633 | D:3      | Slain by Duvessa

Illustrated notes

Levels and vault maps discovered:
D:1:      dpeg_arrival_round_c, layout_basic, skrybe_limestone_x
D:2:      layout_basic, basic_altar
D:3:      layout_basic, nicolae_wu_jian_wuxing_cycle,
          shapermc_ecumenical_altar_mp_urbaneastern, serial_park_tiny_pond,
          chequers_jeans, minmay_misc_feat_ornament, uniq_robin
D:4:      layout_basic, mainiacjoe_overflow_alcove_4, uniq_sigmund,
          uniq_grinder, uniq_natasha, uniq_duvessa

Skill      XL: |  1  2  3  4  5 |
---------------+----------------+-----
Stealth        | 3 4 |  4.2
Fighting       | 1 2 |  2.1
Dodging        | 3 |  3.6
Spellcasting   | 3 |  3.1
Summonings     | |  4.4

Action                   |  1- 3 |  4- 6 || total
-------------------------+-------+-------++-------
Melee: Mace              |    15 |       ||    15
       Unarmed           |     1 |       ||     1
       Rapier            |    27 |    32 ||    59
       Hand axe          |       |    30 ||    30
 Cast: Summon Small Mamm |    11 |       ||    11
       Call Imp          |     4 |    22 ||    26
       Call Canine Famil |       |     1 ||     1
  Use: Scroll            |       |     2 ||     2
       Potion            |       |     1 ||     1
 Stab: Sleeping          |     8 |    12 ||    20
Armor: Robe              |     3 |     4 ||     7
Dodge: Dodged            |    34 |    55 ||    89

Table legend: (Time is in decaauts)
 A = Elapsed time spent in this place.
 B = Non-inter-level travel time spent in this place.
 C = Inter-level travel time spent in this place.
 D = Time resting spent in this place.
 E = Time spent auto-exploring this place.
 F = Levels seen in this place.
 G = Mean time per level.
                   A        B        C        D        E       F      G
               +--------+--------+--------+--------+--------+-----+--------+
         Total |   4660 |   4470 |    190 |    196 |   3695 |   4 | 1165.0 |
       Dungeon |   4660 |   4470 |    190 |    196 |   3695 |   4 | 1165.0 |
               +--------+--------+--------+--------+--------+-----+--------+

Top non-repeatable levels by time:
     D:2: 1746 daAuts
     D:1: 1518 daAuts
     D:3: 1377 daAuts
     D:4: 18 daAuts
